Map: Inside and Out

Players

MaxPax

  • Race: Protoss Protoss
  • Spawn Location: 7:00

A.I. 2 (Very Easy) - Winner!

  • Race: Terran Terran
  • Spawn Location: 1:00

VOD

Have the link to the VOD?

Description

Time

  • Played on: Nov. 19, 2022, 11:22 a.m.
  • Length: 10:14
Show
View Real Time Build Order
Export as new Build Order

MaxPax Protoss 

Build Orders:  

Get SALT Encoding   

  12  0:00  Probe  
  13  0:12  Probe  
  14  0:16  Pylon  
  14  0:25  Probe (Chrono Boost)  
  15  0:37  Probe (Chrono Boost), Gateway  
  16  0:44  Probe (Chrono Boost)  
  16  0:45  Assimilator  
  17  0:52  Probe  
  18  1:04  Probe  
  19  1:16  Probe  
  20  1:24  Cybernetics Core  
  20  1:33  Probe  
  20  1:34  Nexus  
  21  1:41  Pylon  
  21  1:45  Probe  
  22  1:51  Assimilator  
  22  1:57  Probe  
  22  1:58  Adept (Chrono Boost)  
  25  2:04  Warp Gate  
  25  2:09  Probe  
  26  2:18  Adept (Chrono Boost)  
  26  2:21  Probe  
  29  2:30  Twilight Council  
  29  2:33  Probe  
  30  2:40  Gateway  
  30  2:46  Probe (Chrono Boost)  
  30  2:50  Probe (Chrono Boost)  
  32  2:56  Probe (Chrono Boost)  
  34  2:59  Probe (Chrono Boost)  
  34  3:01  Blink (Chrono Boost), Probe (Chrono Boost)  
  35  3:09  Probe  
  36  3:13  Probe  
  36  3:17  Robotics Facility  
  37  3:22  Probe  
  37  3:25  Probe  
  39  3:27  Gateway  
  39  3:29  Gateway  
  39  3:34  Probe  
  40  3:37  Probe  
  40  3:41  Pylon  
  41  3:46  Probe  
  42  3:49  Probe  
  42  3:52  Stalker  
  42  3:55  Pylon  
  45  3:58  Probe  
  45  4:00  Stalker  
  45  4:01  Probe  
  45  4:02  Assimilator  
  49  4:04  Warp Prism (Chrono Boost)  
  51  4:20  Probe  
  52  4:24  Stalker x4  
  52  4:30  Pylon  
  60  4:39  Observer  
  60  4:43  Pylon  
  61  4:52  Stalker x4  
  69  5:02  Nexus  
  69  5:07  Probe x2  
  71  5:15  Pylon  
  71  5:16  Forge  
  71  5:19  Probe (Chrono Boost)  
  71  5:21  Pylon, Probe (Chrono Boost)  
  73  5:22  Observer (Chrono Boost)  
  74  5:32  Probe (Chrono Boost)  
  76  5:38  Probe (Chrono Boost)  
  76  5:39  Probe (Chrono Boost), Gateway  
  76  5:40  Gateway  
  76  5:42  Gateway  
  77  5:44  Probe  
  77  5:46  Gateway  
  77  5:47  Probe  
  79  5:51  Protoss Ground Weapons Level 1 (Chrono Boost)  
  79  5:54  Observer  
  79  5:55  Observer  
  79  5:56  Probe  
  80  5:59  Probe  
  80  6:01  Templar Archives  
  81  6:08  Probe  
  81  6:09  Shield Battery  
  81  6:11  Probe, Sentry, Zealot  
  87  6:12  Zealot  
  89  6:21  Probe x2  
  89  6:22  Charge (Chrono Boost)  
  89  6:23  Probe  
  92  6:29  Psionic Storm  
  92  6:31  Pylon  
  92  6:33  Probe x2  
  92  6:34  Pylon  
  92  6:35  Probe  
  95  6:42  Pylon  
  95  6:44  Zealot x2  
  95  6:45  Assimilator  
  100  6:48  Zealot  
  100  6:52  Zealot x2  
  100  6:54  Zealot  
  107  6:59  Zealot x2  
  111  7:06  Zealot x2  
  115  7:19  Zealot x6  
  127  7:33  High Templar x2  
  127  7:36  Nexus  
  131  7:37  Pylon  
  131  7:39  Protoss Ground Weapons Level 2 (Chrono Boost)  
  131  7:46  Pylon, Probe x2  
  131  7:47  Pylon  
  131  7:49  Forge  
  133  7:55  Probe  
  133  7:56  High Templar  
  133  7:57  Zealot x2  
  133  7:58  Robotics Bay  
  140  7:59  Pylon  
  140  8:05  Photon Cannon, Shield Battery  
  140  8:07  Probe  
  140  8:09  Zealot x4  
  149  8:19  Pylon, Probe  
  150  8:21  Zealot x3  
  156  8:40  Nexus  
  156  8:41  Pylon  
  156  8:48  Probe  
  157  8:50  Probe x3  
  157  8:55  Colossus (Chrono Boost)  
  160  9:00  Probe, Zealot x6  
  179  9:13  Probe  
  179  9:14  Probe x3  
  183  9:18  Robotics Facility  
  183  9:20  Pylon  
  183  9:26  Probe x2  
  185  9:31  Observer  
  185  9:35  Probe x2  
  185  9:38  Photon Cannon, Shield Battery  
  193  9:40  Zealot x3  
  193  9:41  Photon Cannon  
  193  9:42  Pylon x2  
  193  9:45  Pylon  
  199  10:03  Gateway  
  199  10:04  Gateway  
  199  10:07  Gateway  
  199  10:10  Gateway  
Show
View Real Time Build Order
Export as new Build Order

A.I. 2 (Very Easy) Terran - Winner!

Build Orders:  

Get SALT Encoding   

  12  0:00  SCV  
  13  0:13  SCV  
  14  0:18  Supply Depot  
  14  0:37  Refinery  
  14  0:42  Barracks  
  14  1:03  Supply Depot  
  14  1:12  Refinery  
  14  1:30  Marine, Orbital Command  
  15  1:55  SCV  
  16  2:08  SCV  
  17  2:18  Marine  
  17  2:20  SCV  
  19  2:32  SCV  
  20  2:37  Barracks Tech Lab  
  20  2:44  SCV  
  21  2:56  SCV  
  21  3:08  Marauder  
  23  3:56  Marine  
  24  5:50  Marine  
  24  5:52  SCV  
  24  5:55  Supply Depot  
  24  6:04  SCV  
  25  6:20  Marauder  
  27  6:48  Marine  
  27  6:51  SCV  
  27  6:53  Factory  
  29  6:56  Supply Depot  
  29  6:58  Command Center  
  29  7:03  SCV  
  30  7:15  SCV  
  25  7:22  Marine  
  24  7:27  SCV  
  25  7:38  Starport  
  25  7:39  SCV  
  26  7:51  SCV  
  26  7:56  Marine  
  28  8:11  SCV  
  29  8:18  SCV  
  29  8:19  Refinery, Starport Tech Lab  
  30  8:22  Refinery  
  30  8:25  SCV  
  31  8:30  Marine  
  31  8:33  SCV  
  33  8:38  Raven  
  33  8:40  SCV  
  36  8:47  SCV  
  37  8:54  SCV  
  37  9:01  SCV  
  38  9:05  Marine  
  38  9:09  SCV  
  40  9:16  SCV  
  41  9:21  Raven  
  41  9:23  SCV  
  44  9:31  SCV  
  45  9:38  SCV  
  46  9:40  Marauder  
  46  9:45  SCV  
  49  9:52  SCV  
  50  9:59  SCV  
Tags
 

No tags found.

Add a new tag
Caveats
  • Supply blocks, unpowered buildings, or Contaminate may cause inaccurate times.
  • Supply counts are checked every 10 seconds.